 Dungeon Crawl Stone Soup version 0.31-a0-1321-g5021b54cb2 (webtiles) character file.

Game seed: 7613415166740434596

1370643 ParallaxScroll the Slayer (level 25, 253/253 HPs)
             Began as a Yellow Draconian Hunter on Dec 16, 2023.
             Was an Initiate of Gozag.
             Escaped with the Orb
             ... and 3 runes on Dec 21, 2023!
             The game lasted 07:13:26 (101019 turns).

ParallaxScroll the Slayer (DrHu)                  Turns: 101019, Time: 07:13:27

Health: 253/253    AC: 25    Str: 14    XL:     25   Next: 13%
Magic:  36/36      EV: 31    Int: 17    God:    Gozag
Gold:   1661       SH: 31    Dex: 27    Spells: 20/30 levels left

rFire   + . .        a - +8 demon trident "Rift" {distort, reach+}
rCold   + + +        R - +5 tower shield {AC+3}
rNeg    . . .        (body armour unavailable)
rPois   +            U - +0 hat {Int+3}
rElec   .            I - scarf of Conscience {shadows, rPois}
rCorr   +            A - +2 pair of gloves {Str+3}
SInv    .            Y - +2 pair of boots
Will    ++...        D - amulet of Irrepressible Laughter {rF+ Regen+ Str+4 Slay+6}
Stlth   ++           f - ring "Kofemex" {MP+9 Str-5 Slay+5}
HPRegen 1.42/turn    u - ring "Ywaanoack" {*Corrode rC+++ AC+4 Dex+3 Stlth+}
MPRegen 0.25/turn

%: corrode self (3%)
@: gold aura, flying, studying Ranged Weapons, bribing [the Dungeon, the Realm
of Zot, the Depths]
A: spit acid, AC +12, unfitting armour, acidic bite, cold-blooded, acid
resistance, big wings, clever 1, strong-willed 1, weak 1
0: Orb of Zot
}: 3/15 runes: serpentine, barnacled, silver
a: Breathe Acid, Renounce Religion, Potion Petition, Call Merchant, Bribe Branch


You escaped.
You worshipped Gozag.
Gozag was most pleased with you.
You visited 11 branches of the dungeon, and saw 51 of its levels.
You visited 1 bazaar.
You also visited: Sewer, Bailey and Ice Cave.

You collected 26350 gold pieces.
You spent 5456 gold pieces at shops.
You paid 19233 gold pieces to Gozag.

Inventory:

Hand Weapons
 a - the +8 demon trident "Rift" (weapon) {distort, reach+}
   (You took it off a vault guard on level 5 of the Vaults)
 b - a +3 hand cannon of draining
Missiles
 n - 19 javelins (quivered)
 M - 6 throwing nets
 P - 9 curare-tipped darts
Armour
 j - the +2 hat of the Bear Spirit {Spirit, Bear, *Rage Will++}
   (You bought it in a shop on level 1 of the Elven Halls)

   Bear:      Going berserk makes the wearer exceptionally tough, and they are
   slowed for a shorter time afterward.
   Will++:    It greatly increases your willpower.
   *Rage:     It berserks you when you make melee attacks (+20% chance).
 A - a +2 pair of gloves of strength (worn)
 I - the scarf of Conscience (worn) {shadows, rPois}
   (You found it on level 1 of the Vaults)

   rPois:     It protects you from poison
 R - a +5 tower shield of protection (worn)
 U - a +0 hat of intelligence (worn)
 Y - a +2 pair of boots (worn)
Magical Staves
 H - a staff of air
Jewellery
 f - the ring "Kofemex" (left hand) {MP+9 Str-5 Slay+5}
   (You took it off a deep elf master archer on level 3 of the Elven Halls)

   [ring of magical power]

   Str-5:     It affects your strength (-5).
   Slay+5:    It affects your accuracy & damage with ranged weapons and melee
   (+5).
   MP+9:      It affects your magic capacity (+9).
 s - a ring of see invisible
 u - the ring "Ywaanoack" (right hand) {*Corrode rC+++ AC+4 Dex+3 Stlth+}
   (You found it on level 1 of the Lair of Beasts)

   [ring of protection]

   AC+4:      It affects your AC (+4).
   Dex+3:     It affects your dexterity (+3).
   rC+++:     It renders you almost immune to cold.
   *Corrode:  It may corrode you when you take damage.
   Stlth+:    It makes you more stealthy.
 D - the amulet of Irrepressible Laughter (around neck) {rF+ Regen+ Str+4 Slay+6}
   (You acquired it on level 3 of the Elven Halls)

   [amulet of regeneration]

   Str+4:     It affects your strength (+4).
   Slay+6:    It affects your accuracy & damage with ranged weapons and melee
   (+6).
   rF+:       It protects you from fire.
   Regen+:    It increases your rate of health regeneration.
 O - the ring "Doletat" {MP+9 AC+4}
   (You found it on level 10 of the Dungeon)

   [ring of protection]

   AC+4:      It affects your AC (+4).
   MP+9:      It affects your magic capacity (+9).
 Z - the ring of Vintifasch {rF+ Will+}
   (You found it on level 4 of the Shoals)

   [ring of willpower]

   rF+:       It protects you from fire.
   Will+:     It increases your willpower.
Wands
 h - a wand of charming (29)
 J - a wand of iceblast (20)
 K - a wand of polymorph (40)
 Q - a wand of acid (19)
 W - a wand of digging (14)
 X - a wand of mindburst (20)
Scrolls
 g - 3 scrolls of silence
 k - 2 scrolls of torment
 p - 9 scrolls of fog
 r - 7 scrolls of blinking
 t - 7 scrolls of vulnerability
 v - 10 scrolls of fear
 z - 3 scrolls of summoning
 B - a scroll of revelation
 F - a scroll of butterflies
 T - 18 scrolls of teleportation
Potions
 c - 10 potions of mutation
 d - 10 potions of heal wounds
 e - 6 potions of lignification
 i - 4 potions of enlightenment
 l - 21 potions of curing
 o - 4 potions of magic
 q - 2 potions of cancellation
 w - 10 potions of attraction
 x - 5 potions of resistance
 G - 7 potions of might
 N - 3 potions of invisibility
 S - 12 potions of haste
 V - 6 potions of ambrosia
Miscellaneous
 m - a sack of spiders
 y - a phial of floods
 C - a condenser vane
 E - a phantom mirror
 L - a lightning rod (4/4)


   Skills:
 - Level 26.0 Fighting
 - Level 14.0 Polearms
 - Level 20.0 Ranged Weapons
 - Level 3.0 Throwing
 - Level 19.0 Dodging
 - Level 3.0 Stealth
 - Level 23.0 Shields
 - Level 3.0 Spellcasting
 - Level 9.5 Translocations
 + Level 14.9 Evocations


You had 20 spell levels left.
You knew the following spells:

 Your Spells              Type           Power      Damage    Failure   Level
a - Blink                 Tloc           70%        N/A       1%          2
b - Apportation           Tloc           70%        N/A       1%          1
c - Teleport Other        Tloc           35%        N/A       1%          3
d - Passage of Golubria   Tloc           35%        N/A       5%          4

Your spell library contained the following spells:

 Spells                   Type           Power      Damage    Failure   Level
 Lesser Beckoning         Tloc           70%        N/A       1%          2
 Gell's Gravitas          Tloc           35%        N/A       1%          3
 Manifold Assault         Tloc           35%        N/A       5%          4
 Momentum Strike          Conj/Tloc      36%        3d9       6%          2
 Foxfire                  Conj/Fire      8%         2x1d4     26%         1
 Magic Dart               Conj           8%         1d3       26%         1
 Necrotise                Necr           8%         1d4       26%         1
 Sandblast                Erth           4%         2d4       26%         1
 Shock                    Conj/Air       8%         1d3       26%         1
 Sting                    Conj/Alch      8%         1d3       26%         1
 Summon Small Mammal      Summ           8%         N/A       26%         1
 Vhi's Electric Charge    Tloc/Air       36%        N/A       36%         4
 Call Imp                 Summ           4%         N/A       38%         2
 Jinxbite                 Hex            4%         N/A       38%         2
 Mercury Vapours          Alch/Air       4%         N/A       38%         2
 Passwall                 Alch/Erth      1%         N/A       38%         2
 Scorch                   Fire           4%         2d5       38%         2
 Searing Ray              Conj           4%         2d4       38%         2
 Static Discharge         Conj/Air       4%         3-4/arc   38%         2
 Sublimation of Blood     Necr           2%         N/A       38%         2
 Call Canine Familiar     Summ           2%         N/A       63%         3
 Frozen Ramparts          Ice            4%         1d1       63%         3
 Stone Arrow              Conj/Erth      4%         3d7       63%         3
 Summon Guardian Golem    Hex/Summ       2%         N/A       63%         3
 Swiftness                Air            2%         N/A       63%         3
 Vampiric Draining        Necr           2%         2d6       63%         3
 Dispersal                Tloc           17%        N/A       63%         6
 Summon Forest            Summ/Tloc      9%         N/A       71%         5
 Airstrike                Air            1%         2d(1-17)  95%         4
 Brom's Barrelling Bould  Conj/Erth      2%         2d3       95%         4
 Cause Fear               Hex            1%         N/A       95%         4
 Flame Wave               Conj/Fire      2%         2d4       95%         4
 Fulminant Prism          Conj/Alch      1%         3d5       95%         4
 Ignite Poison            Fire/Alch      2%         N/A       95%         4
 Leda's Liquefaction      Alch/Erth      1%         N/A       95%         4
 Olgreb's Toxic Radiance  Alch           2%         N/A       95%         4
 Petrify                  Alch/Erth      2%         N/A       95%         4
 Sticky Flame             Fire/Alch      2%         2d4       95%         4
 Summon Lightning Spire   Summ/Air       2%         N/A       95%         4
 Agony                    Necr           2%         N/A       100%        5
 Alistair's Intoxication  Alch           1%         N/A       100%        5
 Arcjolt                  Conj/Air       1%         1d11      100%        5
 Borgnjor's Vile Clutch   Necr/Erth      1%         N/A       100%        5
 Fireball                 Conj/Fire      1%         3d3       100%        5
 Iskenderun's Battlesphe  Conj           2%         2d6       100%        5
 Lee's Rapid Deconstruct  Erth           1%         3d4*      100%        5
 Metabolic Englaciation   Hex/Ice        1%         N/A       100%        5
 Silence                  Hex/Air        1%         N/A       100%        5
 Conjure Ball Lightning   Conj/Air       1%         3x3d6     100%        6
 Death Channel            Necr           1%         N/A       100%        6
 Eringya's Noxious Bog    Alch           1%         4d6       100%        6
 Plasma Beam              Fire/Air       1%         2x1d11    100%        6
 Starburst                Conj/Fire      1%         6d3       100%        6
 Summon Cactus Giant      Summ           1%         N/A       100%        6
 Haunt                    Necr/Summ      1%         N/A       100%        7
 Malign Gateway           Summ/Tloc      9%         N/A       100%        7
 Orb of Destruction       Conj           1%         9d5       100%        7
 Ozocubu's Refrigeration  Ice            1%         4d7       100%        7
 Spellforged Servitor     Conj/Summ      1%         N/A       100%        7
 Summon Hydra             Summ           1%         N/A       100%        7
 Discord                  Hex            1%         N/A       100%        8
 Disjunction              Tloc           17%        N/A       100%        8
 Ignition                 Fire           1%         3d3       100%        8
 Infestation              Necr           1%         N/A       100%        8
 Lehudib's Crystal Spear  Conj/Erth      1%         10d2      100%        8
 Maxwell's Capacitive Co  Air            1%         ∞         100%        8
 Summon Horrible Things   Summ           1%         N/A       100%        8
 Dragon's Call            Summ           1%         N/A       100%        9
 Polar Vortex             Ice            1%         N/A       100%        9
 Animate Armour           Summ/Erth      Unusable   N/A       N/A         4
 Animate Dead             Necr           Unusable   N/A       N/A         4
 Simulacrum               Ice/Necr       Unusable   N/A       N/A         6

Dungeon Overview and Level Annotations

Branches:
Dungeon (15/15)            Temple (1/1) D:4            Lair (5/5) D:10
 Shoals (4/4) Lair:3        Snake (4/4) Lair:3        Slime (0/5) Lair:4
    Orc (2/2) D:9             Elf (3/3) Orc:2        Vaults (5/5) D:14
  Crypt (3/3) Vaults:2       Tomb (0/3) Crypt:3      Depths (4/4) D:15
    Zot (5/5) Depths:4      Sewer (visited)          Bailey (visited)
  IceCv (visited)

Altars:
Ashenzari
Cheibriados
Dithmenos
Elyvilon
Fedhas
Gozag
Hepliaklqana
Kikubaaqudgha
Makhleb
Nemelex Xobeh
Okawaru
Qazlal
Ru
Sif Muna
Trog
Uskayaw
Vehumet
Wu Jian
Xom
Yredelemnul
Zin
The Shining One
Jiyva

Shops:
Orc:2 !!(?   Elf:1 [((:   Elf:2 ?   Shoals:1 (   Snake:3 ?*!(?   Vaults:1 =
Vaults:2 !   Vaults:5 =   Depths:1 [*   Depths:3 [

Portals:
Hell: Depths:1 Depths:2 Depths:3 Depths:4
Abyss: Depths:3 Depths:4
Pandemonium: Depths:2
Ziggurat: Depths:3
Trove: D:14 (give 4 potions of resistance)

Annotations:
Snake:3 2 transporters, exclusion: obsidian statue
Snake:4 Roxanne
Orc:1 exclusion: downstairs, Jorgrun
Elf:1 Agnes
Elf:2 5 runed translucent doors
Depths:1 the Enchantress
Depths:3 3 runed translucent doors, Ciogh's ghost, veteran GnWn
Zot:3 1 transporter, Sackuas's ghost, veteran OgBe; Tiejaxt's ghost, master TeAE


Innate Abilities, Weirdness & Mutations

You can spit globs of acid.
Your golden yellow scales are hard. (AC +12)
You cannot fit into any form of body armour.
You have acidic saliva.
You are cold-blooded and may be slowed by cold attacks.
You are resistant to acid. (rCorr)
Your large and strong wings let you fly.
Your mind is acute. (Int +4, Str/Dex -1)
You are strong-willed. (Will+)
You are weak. (Str -2)


Message History

What level of the Dungeon? (default 1, ? - help)
There is a stone staircase leading up here.
You fly upwards.
There is a stone staircase leading down here.
An ice devil comes into view.
There is a stone staircase leading up here.
You fly upwards.
There is a stone staircase leading down here.
Casting: Blink (safe; 1% risk of failure)
Confirm with . or Enter, or press ? or * to list all spells.
You don't know that spell.
You see here a +0 club.
Your Brimstone Fiend grins greedily, jangling a coin purse.
A Brimstone Fiend comes into view.
No target in view!
The Ice Fiend stares, then turns away, jangling a coin purse.
An Ice Fiend comes into view.
What are your orders? t - Shout!
Orders for allies: a - Attack new target. r - Retreat! s - Stop attacking. g - Guard the area. f - Follow me.
Anything else - Cancel.
Gang up on whom?
Press: ? - help, Dir - move target, f - you
Okay, then.
The Ice Fiend moves out of view.
Ohickerr stares, then turns away, jangling a coin purse.
Ohickerr comes into view.
An ice devil comes into view.
Aiming: Dig
Press: ? - help, Shift-Dir - straight line A rock wall.
This square is covered in magical glow.
The rock shatters into small pieces.
Ohickerr hits the ice devil!
You hear a chilling moan.
Ohickerr hits something.
Something hits Ohickerr but does no damage.
There is a staircase leading out of the dungeon here.
You have escaped!

.....##.......## #.# ###
....##.#######.## #÷#
#####.##.....##.## #>#
#.##.#####.##.##### #.#
#.#.##...##.##....# #.#######
##.#.#.###.##.#...# #........
#81#.#.#8#..#.##..#############
##.#.#....#4#...........#
#.#..#8#.#&##@########.#
#.##.###.##.1## #.#
####.##....8#.8# #.#
#..##.#######.## #.#
#.#.##.......## ###.#######
#.#.#####8##### ######..........
#.#.#.#.#####.###...............
#.#.#.#...........####.#.#######
#.#.#.#..####.##..# #......# #


You could see a friendly Brimstone Fiend.

Vanquished Creatures
  4 dread liches
  3 ancient liches
  2 orbs of fire (Zot:5)
  Mennas (Depths:4)
  A juggernaut (Depths:4)
  Vv (Depths:1)
  Boris (Depths:4)
  Bai Suzhen (Crypt:2)
  A curse toe (Crypt:3)
  5 Killer Klowns (Zot:5)
  6 golden dragons
  A bone dragon (Depths:4)
  An electric golem (Zot:5)
  A doom hound (Zot:5)
  A walking earthen tome (Depths:4)
  5 liches
  Mlioglotl (Snake:2)
  15 Orb Guardians (Zot:5)
  11 tentacled monstrosities
  2 deep elf master archers (Elf:3)
  Grunn (Zot:4)
  5 titans
  2 deep elf blademasters (Elf:3)
  A quicksilver dragon (Zot:4)
  4 sphinxes
  Frances (Snake:1)
  4 ancient champions
  A kraken (Shoals:3)
  A death cob (Zot:5)
  9 shadow dragons
  8 storm dragons
  Kirke (Snake:1)
  4 tengu reavers
  Ilsuiw (Shoals:3)
  2 revenants (Crypt:2)
  Aizul (Vaults:1)
  3 nagarajas
  2 draconian monks
  Donald (Shoals:1)
  An iron dragon (Vaults:5)
  3 fire giants
  A draconian knight (Zot:5)
  5 frost giants
  19 vault wardens
  3 deep elf elementalists (Elf:3)
  2 deep elf sorcerers
  4 curse skulls
  6 spriggan defenders
  4 orc warlords
  23 ghouls
  4 stone giants
  A ghost moth (Zot:4)
  A war gargoyle (Vaults:2)
  3 formless jellyfish
  12 very ugly things
  10 ironbound thunderhulks
  19 ironbound preservers
  4 deep elf demonologists
  2 green draconians
  8 deep elf death magi
  5 vampire knights
  4 deep elf annihilators (Elf:3)
  4 black draconians
  6 spark wasps
  A purple draconian (Zot:4)
  6 yellow draconians
  A minotaur (Shoals:4)
  16 dire elephants
  5 red draconians
  3 white draconians
  The ghost of Neqioxon the Carver, a journeyman MiFi of Okawaru (Lair:1)
  7 eidola (Crypt:1)
  2 merfolk javelineers
  5 ettins
  4 fire dragons
  13 jiangshi
  6 merfolk impalers
  13 yaktaur captains
  3 entropy weavers (D:13)
  5 deep elf high priests
  2 fenstrider witch zombies
  A quicksilver dragon skeleton (Crypt:1)
  2 salamander tyrants (Snake:4)
  3 ice dragons
  A spriggan zombie (Crypt:1)
  4 great orbs of eyes
  14 vault guards
  3 spriggan air magi
  The ghost of JumbleTraveling the Prestidigitator, a journeyman GnAr of Nemelex Xobeh (Lair:1)
  6 rakshasas
  A peacekeeper (Vaults:3)
  5 catoblepae
  Erica (D:9)
  12 anacondas
  5 death knights
  2 ogre magi
  7 hydras
  2 merfolk aquamancers (Shoals:2)
  4 merfolk avatars
  2 ghost crabs (D:13)
  2 spriggan skeletons
  3 boulder beetles
  12 satyrs (Shoals:4)
  13 dancing weapons
  13 two-headed ogres
  20 centaur warriors
  12 ironbound frosthearts
  11 naga warriors
  3 deep troll earth magi
  The ghost of Skeral the Gouger, a journeyman FeSh of Gozag (Lair:1)
  3 deep troll shamans (Depths:4)
  A sphinx skeleton (Vaults:2)
  2 occultists
  6 tengu warriors
  3 hell hogs (Depths:3)
  8 death yaks (Lair:5)
  8 vampire magi
  2 orc high priests (Orc:2)
  9 shock serpents
  16 naga sharpshooters
  21 hell knights
  A sun demon (Depths:3)
  7 deep elf knights
  15 skeletal warriors
  5 fire crabs (D:13)
  3 salamander mystics
  2 shadow wraiths
  4 skysharks
  4 iron trolls
  A bunyip zombie (Crypt:2)
  A fire crab (shapeshifter) (Vaults:3)
  A sea snake (shapeshifter) (Vaults:5)
  A large abomination (Elf:1)
  An orb spider (shapeshifter) (Vaults:5)
  42 deep trolls
  8 flayed ghosts
  A deep troll (shapeshifter) (Vaults:5)
  6 naga ritualists
  10 sea snakes
  10 deep elf archers
  An orange crystal statue (Zot:5)
  5 glowing orange brains
  A shadow demon (D:4)
  3 bog bodies
  11 lindwurms
  31 harpies
  7 phantasmal warriors
  Pikel (D:7)
  11 deep elf pyromancers
  5 arcanists
  24 deep elf zephyrmancers
  16 ironbound convokers
  9 mana vipers
  11 necromancers
  A tengu skeleton (Vaults:3)
  16 manticores
  4 orc sorcerers (Orc:2)
  5 orc knights
  9 cyclopes
  11 fauns
  A frost giant zombie (Vaults:2)
  9 elephants
  17 ugly things
  2 black mambas (shapeshifter)
  22 salamanders
  Joseph (D:9)
  10 moths of wrath
  3 apocalypse crabs
  31 black mambas
  15 vault sentinels
  5 water nymphs
  6 guardian serpents
  2 kobold blastminers (Orc:2)
  15 naga magi
  A fire giant skeleton (Crypt:1)
  A smoke demon (Depths:3)
  2 elephant slug zombies
  11 merfolk sirens
  4 gargoyles
  Maggie (D:8)
  A cane toad (shapeshifter) (D:14)
  A hellion (Depths:3)
  19 yaktaurs
  16 cane toads
  A torpor snail (Lair:5)
  4 human zombies
  An ice devil (D:13)
  6 freezing wraiths
  15 komodo dragons
  2 kobold demonologists
  5 rime drakes
  A bunyip simulacrum (Crypt:1)
  2 efreet
  An unseen horror (D:13)
  An unseen horror skeleton (Crypt:2)
  A guardian mummy (Crypt:3)
  6 tengu conjurers
  A queen bee (shapeshifter) (D:14)
  3 trolls
  7 polar bears
  A glass eye (D:15)
  3 meliai (D:13)
  28 merfolk
  Grinder (D:3)
  A meliai (shapeshifter) (D:15)
  7 wind drakes
  5 hornets
  A raiju (shapeshifter) (Elf:2)
  11 dream sheep
  27 slime creatures
  12 snapping turtles
  12 blink frogs
  3 air elementals
  12 flying skulls
  Sigmund (D:4)
  2 centaur simulacra
  A ynoxinul (D:3)
  A deep troll skeleton (Vaults:2)
  An ice dragon skeleton (Crypt:1)
  2 spriggans (Depths:4)
  6 basilisks
  12 wraiths
  5 fire elementals
  A fire bat (shapeshifter) (D:14)
  A basilisk (shapeshifter) (D:15)
  4 wyverns
  62 yaks
  17 water elementals
  A hog (Snake:1)
  2 wargs (Orc:2)
  A steam dragon (D:9)
  18 vampire mosquitoes
  A redback (D:14)
  2 glowing shapeshifter zombies (Vaults:2)
  Duvessa (D:7)
  A merfolk zombie (Crypt:3)
  A fire bat zombie (Crypt:3)
  15 water moccasins
  29 nagas
  Pargi (Sewer)
  A cane toad skeleton (Crypt:1)
  23 orc warriors
  A lindwurm zombie (Crypt:2)
  3 black bears
  5 ogres
  12 wolves
  9 centaurs
  A lemure (D:7)
  5 elf zombies
  22 bullfrogs
  10 kobold brigands
  11 necrophages
  A gnoll sergeant (D:5)
  A brain worm (Sewer)
  A yaktaur skeleton (Crypt:2)
  A cyclops zombie (Crypt:1)
  A human skeleton (Vaults:2)
  4 earth elementals
  2 scorpions
  4 wights (D:9)
  Dowan (D:7)
  A human simulacrum (Vaults:2)
  9 killer bees
  An electric eel (Lair:1)
  A shapeshifter skeleton (Crypt:2)
  7 howler monkeys
  2 lava snakes (Lair:3)
  A gnoll bouda (D:7)
  2 hounds
  A jelly (D:5)
  A centaur skeleton (Crypt:3)
  27 orc priests
  5 iguanas
  An iron imp (D:3)
  4 sleepcaps
  Jessica (D:3)
  A boggart zombie (Crypt:3)
  Natasha (thrice) (D:2)
  39 orc wizards
  A killer bee zombie (Crypt:2)
  A crocodile zombie (Crypt:3)
  12 mummies
  Robin (D:3)
  13 gnolls
  10 adders
  7 white imps
  An adder skeleton (Crypt:3)
  6 worms
  2 dart slugs
  57 orcs
  8 ball pythons
  10 endoplasms
  3 giant cockroaches
  A gnoll zombie (Crypt:3)
  17 goblins
  9 hobgoblins
  8 jackals
  31 kobolds
  6 quokkas
  3 training dummies (Shoals:1)
  14 bats
  3 frilled lizards (D:1)
  A frilled lizard skeleton (Crypt:2)
  A goblin skeleton (Crypt:3)
  A jackal zombie (Crypt:3)
  7 rats
  A rat zombie (Crypt:1)
1940 creatures vanquished.

Vanquished Creatures (collateral kills)
  Nikola (Shoals:3)
  A tentacled monstrosity (Vaults:5)
  A sphinx (Shoals:4)
  A quicksilver dragon (Vaults:5)
  2 tengu reavers
  2 shadow dragons (Vaults:5)
  A storm dragon (Vaults:5)
  Louise (Depths:3)
  An ironbound preserver (Vaults:5)
  A spriggan defender (Depths:3)
  A stone giant (Depths:3)
  A dire elephant (Vaults:2)
  A deep elf annihilator (Vaults:5)
  A red draconian (Depths:4)
  A green death (Depths:1)
  A shambling mangrove (Depths:3)
  4 vault guards (Vaults:5)
  2 anacondas (Snake:4)
  A deep troll earth mage (Vaults:5)
  A spriggan berserker (Depths:3)
  A shock serpent (Snake:4)
  A sun demon (Depths:3)
  An iron troll (Vaults:5)
  3 deep trolls (Vaults:5)
  A merfolk siren (Shoals:1)
  A vault sentinel (Vaults:5)
  2 guardian serpents (Snake:4)
  A black mamba (Snake:4)
  A water elemental (Shoals:3)
  2 orc warriors
  5 goblins (D:3)
  A tentacle (Shoals:3)
46 creatures vanquished.

Vanquished Creatures (others)
  2 dread liches
  Xtahua (Vaults:5)
  2 Killer Klowns (Zot:5)
  A Tzitzimitl (Zot:5)
  A tentacled monstrosity (Vaults:5)
  A walking crystal tome (Depths:2)
  5 Orb Guardians (Zot:5)
  A lich (Depths:3)
  2 titans
  An Executioner (Zot:5)
  2 sphinxes
  3 tengu reavers (Vaults:5)
  A fire giant (Depths:4)
  A frost giant (Vaults:5)
  3 vault wardens (Vaults:5)
  An ironbound preserver (Vaults:5)
  5 stone giants
  A vampire knight (Depths:2)
  2 purple draconians (Zot:3)
  A deep elf death mage (Vaults:5)
  An ettin (Vaults:5)
  A rakshasa (Depths:2)
  A deep elf high priest (Vaults:5)
  An ice dragon (Depths:4)
  3 spriggan air magi
  7 vault guards (Vaults:5)
  2 anacondas (Snake:4)
  An ogre mage (Vaults:5)
  A hell hog (Depths:3)
  2 deep troll earth magi (Depths:4)
  A vampire mage (Depths:4)
  2 spriggan berserkers (Depths:2)
  3 hell knights
  A deep elf knight (Depths:3)
  A sun demon (Zot:5)
  2 salamander mystics (Depths:4)
  7 deep trolls
  A deep elf archer (Depths:3)
  2 necromancers
  2 phantasmal warriors (Vaults:5)
  4 salamanders (Depths:4)
  2 vault sentinels (Vaults:5)
  A merfolk siren (Shoals:3)
  3 yaktaurs (Vaults:5)
  An ice devil (D:1)
  A hornet (Depths:4)
  A ynoxinul (D:3)
  An orc warrior (D:9)
  An ogre (Vaults:5)
  A boggart (Depths:3)
  An orc (Vaults:5)
  A goblin (D:3)
  8 tentacles (Shoals:3)
105 creatures vanquished.

Grand Total: 2091 creatures vanquished

Notes
Turn   | Place    | Note
-------+----------+-------------------------------------------
     0 | D:1      | ParallaxScroll the Draconian Hunter began the quest for the
                  | Orb.
     0 | D:1      | Reached XP level 1. HP: 17/17 MP: 1/1
    80 | D:1      | Reached skill level 1 in Stealth
   218 | D:1      | Reached XP level 2. HP: 19/25 MP: 2/2
   373 | D:1      | Reached skill level 3 in Fighting
   430 | D:1      | Reached XP level 3. HP: 31/31 MP: 3/3
  1139 | D:2      | Noticed Natasha
  1142 | D:2      | Killed Natasha
  1143 | D:2      | Reached XP level 4. HP: 38/38 MP: 4/4
  1463 | D:2      | Noticed Natasha
  1471 | D:2      | Killed Natasha
  1472 | D:2      | Reached skill level 5 in Ranged Weapons
  2263 | D:2      | Noticed Natasha
  2266 | D:2      | Killed Natasha
  2267 | D:2      | Reached XP level 5. HP: 44/46 MP: 5/5
  2291 | D:3      | Reached skill level 4 in Fighting
  2326 | D:3      | Found a glowing drain.
  2330 | Sewer    | Entered a sewer
  2360 | Sewer    | Reached skill level 1 in Evocations
  2430 | Sewer    | Noticed Pargi
  2439 | Sewer    | Killed Pargi
  2440 | Sewer    | Reached XP level 6. HP: 41/52 MP: 6/6
  2533 | D:3      | Noticed Robin
  2561 | D:3      | Killed Robin
  2693 | D:3      | Noticed Jessica
  2694 | D:3      | Killed Jessica
  2853 | D:3      | Noticed Grinder
  2859 | D:3      | Paralysed by Grinder for 4 turns
  2866 | D:3      | Killed Grinder
  2867 | D:3      | Your scales start taking on a golden yellow colour.
  2867 | D:3      | Reached XP level 7. HP: 32/59 MP: 7/7
  2867 | D:3      | Gained mutation: You are resistant to acid. (rCorr) [Yellow
                  | Draconian growth]
  3426 | D:3      | Found a snail-covered altar of Cheibriados.
  3711 | D:4      | Found a staircase to the Ecumenical Temple.
  3812 | D:4      | Reached skill level 5 in Fighting
  4079 | D:4      | Identified the +8 ring mail "Billet" {^Drain rPois rC+++
                  | Int+3}
  4101 | D:4      | Found an ornate altar of the Wu Jian Council.
  4231 | Temple   | Entered the Ecumenical Temple
  4259 | Temple   | Became a worshipper of Gozag Ym Sagoz the Greedy
  4409 | D:4      | Found a shadowy altar of Dithmenos.
  4505 | D:4      | Found a burning altar of Makhleb.
  4508 | D:4      | Found a hazy altar of Hepliaklqana.
  4567 | D:4      | Noticed Sigmund
  4729 | D:5      | Entered Level 5 of the Dungeon
  4928 | D:4      | Killed Sigmund
  4929 | D:4      | Reached XP level 8. HP: 68/68 MP: 8/8
  5630 | D:5      | Reached skill level 6 in Fighting
  5644 | D:5      | Found a large runed translucent door.
  5645 | D:5      | Found a large runed translucent door.
  5733 | D:5      | Found a radiant altar of Vehumet.
  5733 | D:5      | Found a basalt altar of Yredelemnul.
  5898 | D:6      | Noticed a two-headed ogre
  5907 | D:6      | Killed a two-headed ogre
  5908 | D:6      | Reached skill level 7 in Fighting
  5908 | D:6      | Reached XP level 9. HP: 32/79 MP: 9/9
  6398 | D:6      | Reached skill level 5 in Dodging
  6941 | D:7      | Noticed Dowan
  6942 | D:7      | Noticed Duvessa
  6957 | D:7      | Killed Duvessa
  6963 | D:7      | Killed Dowan
  7036 | D:7      | Found a flagged portal.
  7047 | Bailey   | Entered a bailey
  7468 | Bailey   | Reached skill level 8 in Fighting
  7746 | Bailey   | Found an iron altar of Okawaru.
  7791 | Bailey   | Identified the +9 plate armour "Leaso" {-Tele rPois Stlth+}
  8083 | D:6      | Reached XP level 10. HP: 75/88 MP: 10/10
  8453 | D:7      | Noticed Pikel
  8465 | D:7      | Killed Pikel
  8495 | D:7      | Reached skill level 10 in Ranged Weapons
  8681 | D:8      | Noticed Maggie
  8899 | D:8      | Found a stormy altar of Qazlal.
  8912 | D:8      | Killed Maggie
  9702 | D:8      | Found an iron altar of Okawaru.
  9876 | D:8      | Found an ancient bone altar of Kikubaaqudgha.
  9880 | D:8      | Found a blossoming altar of Fedhas.
  9901 | D:8      | Found the macabre finger necklace {Finger+ rN+}
  9903 | D:8      | Found a large runed translucent door.
  9904 | D:8      | Found a large runed translucent door.
  9906 | D:8      | Found a large runed translucent door.
  9906 | D:8      | Found a large runed translucent door.
  9910 | D:8      | Noticed a seven-headed hydra
 10001 | D:8      | Noticed a red ugly thing
 10010 | D:8      | Killed a red ugly thing
 10011 | D:8      | Reached skill level 1 in Throwing
 10128 | D:8      | Noticed a deep elf pyromancer
 10136 | D:8      | Killed a deep elf pyromancer
 11052 | D:9      | Reached skill level 9 in Fighting
 11052 | D:9      | Reached XP level 11. HP: 97/97 MP: 11/11
 11127 | D:9      | Noticed a two-headed ogre
 11174 | D:9      | Reached skill level 10 in Fighting
 11293 | D:9      | Killed a two-headed ogre
 11399 | D:9      | Noticed Erica
 11438 | D:9      | Killed Erica
 11439 | D:9      | Reached skill level 11 in Fighting
 11528 | D:9      | Reached skill level 12 in Fighting
 11664 | D:9      | You fall into a shaft and drop 3 floors!
 11873 | D:11     | Reached skill level 13 in Fighting
 12045 | D:11     | Found a frozen archway.
 12060 | IceCv    | Entered an ice cave
 12142 | IceCv    | Noticed a death yak
 12144 | IceCv    | Reached skill level 14 in Fighting
 12307 | D:10     | Entered Level 10 of the Dungeon
 12309 | D:10     | Identified the ring "Doletat" {MP+9 AC+4}
 12542 | D:9      | Found a staircase to the Orcish Mines.
 12659 | D:9      | Noticed Joseph
 12671 | D:9      | Killed Joseph
 12806 | D:9      | Reached skill level 15 in Fighting
 12930 | D:9      | Identified the +0 leather armour of the Invisible Hand
                  | {Str+4 Dex+3}
 13408 | D:10     | Found a staircase to the Lair.
 13727 | D:10     | Found a white marble altar of Elyvilon.
 14367 | D:10     | Found a shimmering altar of Xom.
 14841 | D:11     | Noticed a soul eater
 14844 | D:11     | Noticed a sixfirhy
 14873 | D:11     | Reached XP level 12. HP: 119/119 MP: 12/12
 16290 | D:12     | Found a sparkling altar of Nemelex Xobeh.
 16292 | D:12     | Found a stormy altar of Qazlal.
 16292 | D:12     | Found a shimmering altar of Xom.
 16294 | D:12     | Found a shimmering altar of Xom.
 16294 | D:12     | Found an iron altar of Okawaru.
 16294 | D:12     | Found an iron altar of Okawaru.
 16569 | D:12     | Found a shimmering altar of Xom.
 16571 | D:12     | Found a shimmering altar of Xom.
 16571 | D:12     | Found an iron altar of Okawaru.
 16571 | D:12     | Found an iron altar of Okawaru.
 16989 | Lair:1   | Entered Level 1 of the Lair of Beasts
 17769 | Lair:1   | Reached skill level 15 in Ranged Weapons
 17805 | Lair:1   | Found a runed translucent gate.
 17805 | Lair:1   | Found a runed translucent gate.
 17808 | Lair:1   | Noticed JumbleTraveling's ghost (journeyman GnAr)
 17808 | Lair:1   | Noticed Skeral's ghost (journeyman FeSh)
 17931 | Lair:1   | Noticed Neqioxon's ghost (journeyman MiFi)
 17932 | Lair:1   | Found a runed translucent gate.
 18772 | Lair:2   | Reached XP level 13. HP: 126/126 MP: 13/13
 19453 | Lair:2   | Reached skill level 5 in Evocations
 21318 | Lair:3   | Reached skill level 16 in Fighting
 21333 | Lair:3   | Found a staircase to the Snake Pit.
 21450 | Lair:3   | Found a staircase to the Shoals.
 22032 | Lair:3   | Found a staircase to the Shoals.
 23202 | Lair:4   | Noticed Nessos
 23206 | Lair:4   | Nessos changed into Nessos the moth of wrath
 23206 | Lair:4   | Noticed Nessos
 23210 | Lair:4   | Killed Nessos the moth of wrath
 23736 | Lair:4   | Found a viscous altar of Jiyva.
 23736 | Lair:4   | Found a staircase to the Slime Pits.
 23865 | Lair:4   | You fall into a shaft and drop 1 floor!
 23865 | Lair:5   | Entered Level 5 of the Lair of Beasts
 26539 | Lair:5   | Gained mutation: You have acidic saliva. [Yellow Draconian
                  | growth]
 26539 | Lair:5   | Reached XP level 14. HP: 137/137 MP: 14/14
 30718 | D:13     | Found a runed translucent door.
 30854 | D:13     | Identified the +0 ring mail "Diegyffu" {rElec rPois Will+}
 31843 | D:13     | Upgraded the game from 0.31-a0-1237-gabc64e778c to
                  | 0.31-a0-1278-g11c5b68f87
 32582 | D:14     | Reached XP level 15. HP: 144/144 MP: 15/15
 33140 | D:14     | Found a white marble altar of Elyvilon.
 33154 | D:14     | Found a portal to a secret trove of treasure.
 33272 | D:14     | Found a gate to the Vaults.
 33673 | D:13     | Learned a level 2 spell: Blink
 33751 | D:14     | Reached skill level 1 in Spellcasting
 33751 | D:14     | Reached skill level 1 in Translocations
 34589 | D:14     | Found a gate to the Vaults.
 34673 | D:14     | Found a white marble altar of Elyvilon.
 34700 | D:14     | Found a portal to a secret trove of treasure.
 35061 | D:15     | Entered Level 15 of the Dungeon
 35671 | D:15     | Reached skill level 5 in Translocations
 35798 | D:15     | Found a staircase to the Depths.
 35798 | D:15     | Noticed a frost giant
 35805 | D:15     | Killed a frost giant
 36048 | Orc:1    | Entered Level 1 of the Orcish Mines
 36337 | Orc:2    | Entered Level 2 of the Orcish Mines
 37071 | Orc:2    | Reached skill level 17 in Fighting
 37810 | Orc:2    | Found a staircase to the Elven Halls.
 37946 | Orc:2    | Found Cuat's Distillery.
 37946 | Orc:2    | Found Edell's Weapon Shoppe.
 37951 | Orc:2    | Found Pudem's Magic Scroll Shoppe.
 37953 | Orc:2    | Found Ipoefojo's Distillery.
 38069 | Orc:2    | Found Cuat's Distillery.
 38126 | Orc:2    | Found a staircase to the Elven Halls.
 38552 | Orc:1    | Noticed Jorgrun
 38727 | Orc:2    | Bought a scroll of identify for 24 gold pieces
 38728 | Orc:2    | Bought a scroll of identify for 24 gold pieces
 38729 | Orc:2    | Bought a scroll of identify for 24 gold pieces
 38729 | Orc:2    | Bought a scroll of identify for 24 gold pieces
 38732 | Orc:2    | Bought 2 potions of haste for 300 gold pieces
 38735 | Orc:2    | Bought a potion of enlightenment for 70 gold pieces
 38736 | Orc:2    | Bought a potion of enlightenment for 75 gold pieces
 38920 | Shoals:1 | Entered Level 1 of the Shoals
 39289 | Shoals:1 | Reached skill level 10 in Dodging
 40038 | Shoals:1 | Found Xesycous's Firing Range.
 40345 | Shoals:2 | Noticed Donald
 40360 | Shoals:1 | Killed Donald
 40502 | Shoals:1 | Bought a +2 hand cannon of draining for 237 gold pieces
 40953 | Shoals:2 | Reached skill level 1 in Shields
 42100 | Shoals:2 | Reached XP level 16. HP: 155/155 MP: 17/17
 42156 | Shoals:2 | Reached skill level 5 in Shields
 43721 | Shoals:3 | Noticed a kraken
 43734 | Shoals:3 | Killed a kraken
 44345 | Shoals:3 | Noticed Nikola
 44353 | Shoals:3 | Killed Nikola
 44354 | Shoals:3 | Reached skill level 10 in Shields
 44627 | Shoals:3 | Noticed Ilsuiw
 44642 | Shoals:3 | Killed Ilsuiw
 44660 | Shoals:3 | Identified the ring of Wishful Thinking {rC++ rN+}
 44758 | Shoals:4 | Entered Level 4 of the Shoals
 45258 | Shoals:4 | Paralysed by a formless jellyfish for 1 turns
 48156 | Shoals:4 | Reached XP level 17. HP: 157/161 MP: 18/18
 48385 | Shoals:4 | Noticed a sphinx
 48465 | Shoals:4 | Paralysed by a sphinx for 3 turns
 48468 | Shoals:4 | Killed a sphinx
 48726 | Shoals:4 | Noticed a sphinx
 48732 | Shoals:4 | Noticed a sphinx
 48743 | Shoals:4 | Killed a sphinx
 48745 | Shoals:4 | Killed a sphinx
 49097 | Shoals:4 | Got a barnacled rune of Zot
 49098 | Shoals:4 | Identified the +3 flail "Yboucif" {flame, rPois Int+5
                  | Dex+2}
 49122 | Shoals:4 | Identified the ring of Vintifasch {rF+ Will+}
 49616 | Lair:1   | Killed Neqioxon's ghost
 49622 | Lair:1   | Killed Skeral's ghost
 49626 | Lair:1   | Killed JumbleTraveling's ghost
 49652 | Lair:1   | Identified the ring "Ywaanoack" {*Corrode rC+++ AC+4 Dex+3
                  | Stlth+}
 49755 | Snake:1  | Entered Level 1 of the Snake Pit
 50091 | Elf:1    | Entered Level 1 of the Elven Halls
 50396 | Elf:1    | Noticed Agnes
 50488 | Elf:1    | Found Qumnox's Weapon Shop.
 50730 | Elf:1    | Found Fics's Book Boutique.
 50733 | Elf:1    | Bought a book of Party Tricks for 220 gold pieces
 50735 | Elf:1    | Learned a level 1 spell: Apportation
 50899 | Elf:1    | Found Heitem's Antique Weapon Boutique.
 50902 | Elf:1    | Found Daebbeus's Antique Armour Boutique.
 50918 | Elf:1    | Bought an embroidered hat for 217 gold pieces
 50918 | Elf:1    | Bought the +2 hat of the Bear Spirit {Spirit, Bear, *Rage
                  | Will++} for 1081 gold pieces
 50918 | Elf:1    | Found the +2 hat of the Bear Spirit {Spirit, Bear, *Rage
                  | Will++}
 51819 | Elf:1    | Paralysed by an air elemental for 1 turns
 51911 | Elf:1    | Got the Papyrus of the Miller
 52115 | Elf:2    | Found Kuleip's Magic Scroll Shoppe.
 52546 | Elf:2    | Bought a scroll of teleportation for 30 gold pieces
 52546 | Elf:2    | Bought a scroll of fog for 40 gold pieces
 52546 | Elf:2    | Bought a scroll of enchant weapon for 75 gold pieces
 53183 | Elf:2    | Reached skill level 18 in Fighting
 53638 | Elf:1    | Found a radiant altar of Vehumet.
 53719 | Elf:2    | Found a huge runed translucent gate.
 53721 | Elf:2    | Found a huge runed translucent gate.
 53726 | Elf:2    | Found a huge runed translucent gate.
 53727 | Elf:2    | Found a huge runed translucent gate.
 53727 | Elf:2    | Found a huge runed translucent gate.
 53760 | Elf:3    | Entered Level 3 of the Elven Halls
 54055 | Vaults:1 | Entered Level 1 of the Vaults
 54085 | Vaults:1 | Reached skill level 15 in Shields
 54287 | Vaults:1 | Identified the serpent talisman "Lafullac" {Int+3 Dex+3}
 54287 | Vaults:1 | Noticed Aizul
 54297 | Vaults:1 | Killed Aizul
 54301 | Vaults:1 | Identified the scarf of Conscience {shadows, rPois}
 54419 | Vaults:1 | Found Xalaoh's Jewellery Emporium.
 55023 | Vaults:1 | Reached XP level 18. HP: 172/172 MP: 19/19
 56464 | Vaults:1 | Found Xalaoh's Jewellery Emporium.
 58300 | Vaults:2 | Reached skill level 19 in Fighting
 58570 | Vaults:2 | Found Kukhid's Distillery.
 59284 | Vaults:2 | Learned a level 3 spell: Teleport Other
 59996 | Vaults:2 | Found a staircase to the Crypt.
 60422 | Vaults:3 | Found a flickering gateway to a bazaar.
 60946 | Bazaar   | Entered a bazaar
 60948 | Bazaar   | Found Matagank's Book Boutique.
 60952 | Bazaar   | Found Renay's General Store.
 60952 | Bazaar   | Found Bifeores's Antique Weapon Boutique.
 60953 | Bazaar   | Found Fach's Weapon Boutique.
 60978 | Bazaar   | Bought a wand of acid (4) for 218 gold pieces
 60978 | Bazaar   | Bought a scroll of fear for 52 gold pieces
 60986 | Bazaar   | Bought a manual of Fighting for 1280 gold pieces
 61129 | Vaults:3 | Reached skill level 20 in Fighting
 61218 | Vaults:3 | Reached XP level 19. HP: 128/186 MP: 18/22
 61596 | Vaults:3 | Reached skill level 21 in Fighting
 61834 | Vaults:3 | Reached skill level 22 in Fighting
 62365 | Vaults:3 | Reached skill level 23 in Fighting
 64975 | Vaults:4 | Reached skill level 24 in Fighting
 64990 | Vaults:4 | Learned a level 4 spell: Passage of Golubria
 65571 | Vaults:4 | Reached XP level 20. HP: 206/206 MP: 24/24
 66932 | Snake:1  | Noticed Frances
 66948 | Snake:1  | Killed Frances
 67650 | Snake:1  | Found a burning altar of Makhleb.
 68396 | Snake:1  | Noticed Kirke
 68399 | Snake:1  | Killed Kirke
 69302 | Snake:2  | Identified the +7 long sword "Adamissa" {venom, *Rage rElec
                  | Will+++ Dex+4}
 69837 | Snake:3  | Found a transporter.
 69933 | Snake:3  | Noticed Mlioglotl
 69943 | Snake:2  | Killed Mlioglotl
 70483 | Snake:3  | Identified the +1 lajatang of the Bespelled God {protect,
                  | *Corrode rPois Str+4 Dex+3}
 70764 | Snake:3  | Found Suikuvon's Magic Scroll Boutique.
 70767 | Snake:3  | Found Beshodd's Antique Weapon Boutique.
 70767 | Snake:3  | Found Wuyqenn's Distillery.
 70770 | Snake:3  | Found Kasuaqaa's General Store.
 70782 | Snake:3  | Bought a potion of haste for 150 gold pieces
 70785 | Snake:3  | Bought a wand of charming (3) for 108 gold pieces
 70791 | Snake:3  | Bought 2 scrolls of teleportation for 114 gold pieces
 70791 | Snake:3  | Bought a scroll of teleportation for 57 gold pieces
 70969 | Snake:3  | Found Kappiqio's Magic Scroll Shoppe.
 70973 | Snake:3  | Bought a scroll of summoning for 114 gold pieces
 71036 | Snake:3  | Found a transporter.
 71289 | Snake:4  | Entered Level 4 of the Snake Pit
 72347 | Snake:4  | Noticed Roxanne
 72373 | Snake:4  | Identified a scroll of acquirement
 72417 | Snake:4  | Acquired the +5 hand cannon of Squeaky Conscience {drain,
                  | ^Fragile rN+ Str+2 Dex+4}
 75713 | Snake:4  | Got a serpentine rune of Zot
 76280 | Elf:3    | Found a shimmering altar of Xom.
 76333 | Elf:3    | Acquired the amulet of Irrepressible Laughter {rF+ Regen+
                  | Str+4 Slay+6}
 76495 | Elf:3    | Reached XP level 21. HP: 212/214 MP: 23/25
 77685 | Elf:3    | Identified the +0 leather armour "Muanuraex" {Will+ Str+3
                  | SInv}
 78181 | Elf:3    | Identified the +0 ice dragon scales of Cynicism {rPois rF-
                  | rC++ Will+ Dex+2}
 78181 | Elf:3    | Identified the ring "Kofemex" {MP+9 Str-5 Slay+5}
 78836 | Elf:3    | Identified the +10 chain mail of Honesty {rN++ Will-}
 79388 | Elf:3    | Identified the +1 sling of Scorn {heavy, rC+ Stlth+}
 79478 | Elf:3    | Got Sif Muna's Folio of Leadership
 79499 | Elf:3    | Identified the +0 plate armour of Noon {Int+7}
 79836 | Depths:1 | Entered Level 1 of the Depths
 80441 | Depths:1 | Found a glowing silver altar of Zin.
 80453 | Depths:1 | Found a gateway to Hell.
 80453 | Depths:1 | Found Beongoune's General Store.
 80458 | Depths:1 | Bought a scroll of revelation for 135 gold pieces
 80520 | Depths:1 | Found Ziguqau's Antique Armour Shoppe.
 80804 | Depths:1 | Reached skill level 25 in Fighting
 80828 | Depths:2 | Noticed Vv
 80849 | Depths:1 | Killed Vv
 81297 | Depths:2 | Found a one-way gate leading to the halls of Pandemonium.
 81607 | Depths:2 | You fall into a shaft and drop 2 floors!
 81607 | Depths:4 | Entered Level 4 of the Depths
 81611 | Depths:4 | Noticed Mennas
 81628 | Depths:4 | Reached skill level 15 in Dodging
 81644 | Depths:4 | Killed Mennas
 81713 | Depths:4 | Found a one-way gate to the infinite horrors of the Abyss.
 81743 | Depths:4 | Noticed a golden dragon
 81753 | Depths:4 | Noticed a juggernaut
 81803 | Depths:4 | Killed a juggernaut
 81849 | Depths:4 | Identified the +1 spear of Mestilocze {flame, rN+ Str-2
                  | Dex+7}
 82047 | Depths:4 | Killed a golden dragon
 82202 | Depths:4 | Found a sacrificial altar of Ru.
 82333 | Depths:4 | Found a gate to the Realm of Zot.
 82338 | Depths:4 | Identified the +5 scale mail "Poetsyxt" {rPois rF- Int+2}
 82421 | Depths:3 | Found Pot Qait's Antique Armour Shoppe.
 82618 | Depths:4 | Reached XP level 22. HP: 226/226 MP: 26/26
 82633 | Depths:3 | Noticed Boris
 82647 | Depths:4 | Killed Boris
 82780 | Depths:2 | Found a sparkling altar of Nemelex Xobeh.
 83373 | Depths:2 | Noticed a golden dragon
 83438 | Depths:3 | Found a one-way gateway to a ziggurat.
 83654 | Depths:3 | Found a runed translucent gate.
 83654 | Depths:3 | Found a runed translucent gate.
 83654 | Depths:3 | Found a runed translucent gate.
 83682 | Depths:3 | Bought a pair of embroidered boots for 397 gold pieces
 83774 | Depths:3 | Found a radiant altar of Vehumet.
 83776 | Depths:3 | Noticed the Enchantress
 83777 | Depths:3 | Reached skill level 26 in Fighting
 83873 | Depths:3 | Found the +2 hood of the Assassin {Detect Stab+ Stlth++}
 83877 | Depths:3 | Identified the +0 helmet of Lachrymose Lucidity {rF+ rCorr
                  | Slay-4}
 83964 | Depths:3 | Noticed Louise
 83970 | Depths:3 | Killed Louise
 84046 | Depths:3 | Noticed Ciogh's ghost (veteran GnWn)
 84047 | Depths:3 | Identified the ring "Nufut" {Fire *Corrode Fly Will+ SInv}
 84269 | Depths:3 | Identified the +2 robe "Walic" {Int+3}
 84550 | Vaults:5 | Entered Level 5 of the Vaults
 84634 | Vaults:5 | Noticed a dread lich
 84726 | Vaults:5 | Noticed a dread lich
 84743 | Vaults:5 | Killed a dread lich
 84744 | Vaults:5 | Reached skill level 10 in Evocations
 84826 | Vaults:5 | Noticed Xtahua
 84836 | Vaults:5 | Noticed an ancient lich
 84842 | Vaults:5 | Killed an ancient lich
 84893 | Vaults:5 | Killed Xtahua
 84999 | Vaults:5 | Noticed a dread lich
 85005 | Vaults:5 | Killed a dread lich
 85159 | Vaults:5 | Reached skill level 1 in Polearms
 85185 | Vaults:5 | Noticed an ancient lich
 85189 | Vaults:5 | Killed an ancient lich
 85438 | Vaults:5 | Identified the +7 chain mail of the Black Moon {Int+5}
 85475 | Vaults:5 | Reached skill level 5 in Polearms
 85486 | Vaults:5 | Identified the +6 morningstar of Embarrassment {venom,
                  | *Noise rN+ rCorr}
 85596 | Vaults:5 | Reached XP level 23. HP: 236/236 MP: 27/27
 85789 | Vaults:5 | Got a silver rune of Zot
 85811 | Vaults:5 | Identified the +0 war axe of the Realm of Zot {elec, Fly
                  | Str+2 SInv}
 85875 | Vaults:5 | Identified the +2 trident of a sewer {flame, rElec rC- rN++
                  | SInv}
 86297 | Vaults:5 | Found Soutoyf's Jewellery Shoppe.
 86307 | Vaults:5 | Bought a ring of see invisible for 240 gold pieces
 86312 | Vaults:5 | Identified the staff "Ablug" {rC+ rN+ rCorr MP-9 Int+7
                  | Necro}
 87765 | Vaults:5 | Found Soutoyf's Jewellery Shoppe.
 87808 | Vaults:5 | Upgraded the game from 0.31-a0-1278-g11c5b68f87 to
                  | 0.31-a0-1321-g5021b54cb2
 87908 | Crypt:1  | Entered Level 1 of the Crypt
 88376 | Crypt:1  | Reached skill level 10 in Polearms
 88420 | Crypt:1  | Identified the +1 chain mail "Uphos" {^Contam rN++}
 90312 | Crypt:3  | Entered Level 3 of the Crypt
 91561 | Crypt:3  | Noticed Bai Suzhen
 91703 | Crypt:2  | Killed Bai Suzhen
 91881 | Crypt:3  | Found the amulet of Vitality {RegenMP++ Regen++}
 92339 | Crypt:3  | Noticed a curse toe
 92348 | Crypt:3  | Killed a curse toe
 92497 | Crypt:2  | Reached XP level 24. HP: 245/245 MP: 27/27
 92849 | Crypt:3  | Found a staircase to the Tomb.
 93625 | Elf:2    | Bought a scroll of enchant armour for 75 gold pieces
 93625 | Elf:2    | Bought a scroll of enchant armour for 75 gold pieces
 94859 | Zot:1    | Entered Level 1 of the Realm of Zot
 95212 | Zot:3    | Found a transporter.
 95259 | Zot:3    | Noticed an orb of fire
 95261 | Zot:3    | Noticed Tiejaxt's ghost (master TeAE)
 95359 | Zot:5    | Entered Level 5 of the Realm of Zot
 96344 | Zot:4    | Noticed Grunn
 96467 | Zot:4    | Killed Grunn
 97130 | Zot:5    | Noticed a dread lich
 97331 | Zot:5    | Killed a dread lich
 97331 | Zot:5    | Noticed a Killer Klown
 97360 | Zot:5    | Killed a Killer Klown
 97501 | Zot:5    | Noticed an orb of fire
 97506 | Zot:5    | Gained mutation: You are occasionally teleported next to
                  | monsters. [an orb of fire]
 97511 | Zot:5    | Killed an orb of fire
 97537 | Zot:5    | Lost mutation: You are occasionally teleported next to
                  | monsters. [potion of mutation]
 97537 | Zot:5    | Gained mutation: You are strong-willed. (Will+) [potion of
                  | mutation]
 97537 | Zot:5    | Gained mutation: Your large and strong wings let you fly.
                  | [potion of mutation]
 97579 | Zot:5    | Noticed an orb of fire
 97586 | Zot:5    | Gained mutation: You are weak. (Str -2) [an orb of fire]
 97594 | Zot:5    | Banished an orb of fire
 97668 | Zot:5    | Noticed a dread lich
 97682 | Zot:5    | Killed a dread lich
 97740 | Zot:5    | Noticed an orb of fire
 97740 | Zot:5    | Noticed a Killer Klown
 97748 | Zot:5    | Gained mutation: Your mind is acute. (Int +4, Str/Dex -1)
                  | [an orb of fire]
 97755 | Zot:5    | Killed an orb of fire
 97773 | Zot:5    | Killed a Killer Klown
 98141 | Zot:5    | Noticed a Killer Klown
 98150 | Zot:5    | Killed a Killer Klown
 98456 | Zot:5    | Noticed a Killer Klown
 98466 | Zot:5    | Killed a Killer Klown
 98656 | Zot:5    | Noticed a Killer Klown
 98663 | Zot:5    | Killed a Killer Klown
 98906 | Zot:5    | Reached XP level 25. HP: 239/253 MP: 27/27
 99118 | Zot:3    | Noticed Sackuas's ghost (veteran OgBe)
100299 | Zot:5    | Noticed an orb of fire
100302 | Zot:5    | Noticed a dread lich
100323 | Zot:5    | Noticed a Killer Klown
100325 | Zot:5    | Killed a dread lich
100331 | Zot:5    | Killed a Killer Klown
100333 | Zot:5    | Noticed a Killer Klown
100352 | Zot:5    | Noticed a Killer Klown
100354 | Zot:5    | Noticed an ancient lich
100363 | Zot:5    | Killed an ancient lich
100393 | Zot:5    | Got the Orb of Zot
100430 | Zot:5    | Killed a Killer Klown
101013 | D:1      | Noticed Ohickerr the pandemonium lord
101019 | D:$      | Escaped with the Orb!

Illustrated notes

Levels and vault maps discovered:
D:1:      nagdon_arrival_double_spiral, layout_loops_ring
D:2:      layout_loops_ring, uniq_natasha
D:3:      layout_basic, chei_slow_surprise, gup_sewer_entry_bowl,
          minmay_quantized, uniq_grinder, uniq_robin, uniq_jessica
D:4:      layout_loops_ring, mainiacjoe_overflow_boulevard, minitemple,
          temple_statues, uniq_sigmund
D:5:      layout_layer_cave, jmf_multi_god_temple2, serial_bayou_ford_a
D:6:      layout_gridville, st_stairs_3
D:7:      layout_gridville, enter_bailey_3, nicolae_twisty_statue_hallways,
          uniq_duvessa, uniq_pikel
D:8:      layout_cave_pools, grunt_temple_overflow_growth_and_decay,
          nicolae_qazlal_scattered_showers, okawaru_metal_pillars_1_2,
          serial_park, serial_park_fountain, serial_park_tiny_pond,
          serial_park_avenue1, serial_park_tiny_2, minmay_misc_feat_nine_boxes,
          minivault_21, minmay_misc_feat_doors, st_stairs_2,
          minmay_hollow_rounded_squares, uniq_maggie
D:9:      layout_loops_ring, orc_0_dummy, grunt_ministairs_13, uniq_erica,
          uniq_joseph
D:10:     layout_layer_cave, lemuel_coloured_pillars_altar,
          kennysheep_mini_moat, lair_entry_dummy, kennysheep_small_spiral
D:11:     layout_roguey, portal_ice_cave_entry_pillars_1
D:12:     layout_basic, drop_trap, minmay_misc_feat_rugged, doesnt_xom_only_xom
D:13:     gammafunk_mikee_crab_dinner, layout_gridville
D:14:     minmay_crescents, layout_gridville, david_vaults_2, elyvilon_altar_5,
          nicolae_trove_entry_columns
D:15:     grunt_enter_depths_snipers, layout_long_grid, skrybe_limestone_x,
          minmay_sticks_and_stones
Temple:   grunt_temple_mini_profane
Lair:1:   layout_roguey, gammafunk_ghost_cemetery, grunt_megastairs_1,
          infiniplex_staircase_pool, serial_bayou_shore_a
Lair:2:   layout_cave_pods, grunt_megastairs_4
Lair:3:   hellmonk_ruined_rings, layout_misc_corridors,
          minmay_shoals_entry_centaurs, nicolae_snake_entry_warm_welcome,
          beast_lair_carwin_5
Lair:4:   layout_gridlike, dpeg_slime_entry_corner, uniq_nessos
Lair:5:   evilmike_catoblepas_cave, layout_gridlike, cheibrodos_lair_lostbears,
          grunt_megastairs_3
Shoals:1: layout_shoals, nicolae_shop_firing_range
Shoals:2: layout_shoals, uniq_donald
Shoals:3: dreamdust_from_the_deep, layout_shoals,
          nicolae_shoals_arrival_archipelago, uniq_ilsuiw, uniq_nikola
Shoals:4: shoals_end_hellmonk_lost_city
Snake:1:  layout_rooms, basic_altar, guppyfry_library_mini, uniq_frances,
          uniq_kirke
Snake:2:  layout_misc_corridors
Snake:3:  gammafunk_sealed_arena, layout_onion, serial_shops,
          nicolae_shop_back_alley_shop, minmay_shoptagon, uniq_mlioglotl
Snake:4:  snake_pit_salamanders_mu, layout_cave_town, uniq_roxanne
Orc:1:    layout_caves, serial_shops, shop_fountains, mines4_lemuel,
          uniq_jorgrun
Orc:2:    st_orc_mages, layout_caves
Elf:1:    elf_arrival_002, layout_onion_city, serial_shops,
          nicolae_lakefront_shop, shop, nicolae_shop_tiny_real_fake_doors,
          nicolae_shop_temple_entry_statues_fountains, minmay_elf_necromancy,
          lemuel_upstairs_altar, uniq_agnes
Elf:2:    elven_hall_of_blades_hangedman_alternative
          [nicolae_vaults_blade_armed_guards], layout_onion_city, serial_shops,
          shop
Elf:3:    elf_hall_gauntlet_narrow, layout_onion_city, basic_altar
Vaults:1: vaults_standard_mumra_x, nicolae_vaults_two_Ls, v_misc_33,
          nicolae_vaults_shipping_containers_5, ontoclasm_vaults_ring_square,
          nicolae_vaults_diamond_1, v_misc_27, nicolae_vaults_wrenched,
          hangedman_vaults_corner_blocks, ontoclasm_vaults_shuriken,
          layout_vaults_quadrants, serial_shops, nicolae_shop_gaudy_bauble,
          uniq_aizul
Vaults:2: v_misc_30, nicolae_vaults_closet_pinwheel_4, v_rooms_4,
          nicolae_vaults_ellipses_ellipsis, hangedman_vaults_capsules,
          vaults_room_hallway, st_smaller_cells, v_misc_33,
          blue_anna_dwarven_crypt, vaults_dpeg_encased_lava,
          nicolae_vaults_little_squares_5, vaults_dpeg_diagonal,
          nicolae_vaults_rhombus_5, layout_vaults_omnicross, serial_shops,
          nicolae_shop_rolling_square, uniq_margery
Vaults:3: nicolae_vaults_closet_pinwheel_2, nicolae_vaults_border_crossing,
          ontoclasm_vaults_bender, nicolae_vaults_puzzle_piece,
          nicolae_vaults_frosty_reception, hangedman_vaults_stretched_pinwheel,
          nicolae_vaults_house_2, v_alt_pattern_5,
          nicolae_vaults_twisting_passages, nicolae_vaults_shock_wave,
          nicolae_vaults_oval_intersection, serial_ice_b, layout_vaults_maze,
          serial_shops, bzr_entry_gold
Vaults:4: nicolae_vaults_stairing_the_circle, v_misc_31,
          nicolae_vaults_door_testing_chamber, hangedman_vaults_impose,
          ontoclasm_vaults_twist, v_misc_5, ontoclasm_vaults_tryst,
          nicolae_vaults_antechamber_and_loot_room, nicolae_vaults_network_s,
          nicolae_vaults_apartment_1, nicolae_vaults_trapezoid_lopsided_4,
          vaults_mumra_minichess_inversion, ontoclasm_vaults_hangar,
          layout_vaults_ring
Vaults:5: uniq_xtahua
Crypt:1:  layout_chaotic_city, grunt_ministairs_10, grunt_megastairs_5
Crypt:2:  layout_gridlike
Crypt:3:  david_glass_crypt, layout_rooms,
          nicolae_tomb_entry_unfolded_pyramid_orthogonal, uniq_bai_suzhen
Depths:1: layout_cave_pools, serial_shops, nicolae_shop_behind_doors,
          hell_entry, nrook_uturn, zin_statuary, minmay_shop_star
Depths:2: evilmike_inaccessible_box, layout_gridlike, hell_entry, pan_entry,
          nemelex_diamond_rough_becter, hangedman_abyss_or_decor_stabs,
          infiniplex_staircase_zigzag_2, uniq_vv
Depths:3: grunt_forest_end_shrine, layout_cave_shapes, enter_ziggurat_f,
          hellmouth_3, kennysheep_pointless_box,
          nicolae_abyss_entry_one_way_or_another, serial_shops, shop,
          gammafunk_ghost_tricky_traps, serial_bayou_shore_b, uniq_boris
Depths:4: evilmike_zot_entry_basic, layout_cave_pools, abyss_entry, hell_entry,
          nicolae_ru_path_of_blood, uniq_mennas
Zot:1:    layout_gridville, regret_index_zotdec_banners
Zot:2:    hangedman_snap_crack_crunch, layout_concentric_octagons
Zot:3:    layout_basic, nzn_ghost_randoct, zot_minivault_5
Zot:4:    layout_basic, regret_index_zotdec_split_disrupt, uniq_grunn
Zot:5:    layout_cathedral_of_symmetry, st_stairs_14, grunt_megastairs_2

Skill      XL: |  1  2  3  4  5  6  7  8  9 10 11 12 13 14 15 16 17 18 19 20 21 22 23 24 |
---------------+-------------------------------------------------------------------------+-----
Stealth        | 1 2 3 |  3.0
Dodging        | 2 3 4 7 8 9 10 11 13 14 16 18 19 | 19.0
Fighting       | 3 4 5 7 8 9 15 16 17 18 20 24 25 26 | 26.0
Ranged Weapons | 4 5 6 7 9 11 12 15 17 20 | 20.0
Evocations     | 2 3 4 5 6 8 9 11 14 | 14.9
Throwing       | 1 3 |  3.0
Spellcasting   | 1 2 3 |  3.0
Translocations | 6 7 8 9 |  9.5
Shields        | 4 13 15 16 19 21 23 | 23.0
Polearms       | 5 14 | 14.0

Action                     |  1- 3 |  4- 6 |  7- 9 | 10-12 | 13-15 | 16-18 | 19-21 | 22-24 | 25-27 || total
---------------------------+-------+-------+-------+-------+-------+-------+-------+-------+-------++-------
  Melee: Staff             |       |       |       |       |       |    14 |       |       |       ||    14
         Tailslap          |       |       |       |       |       |     1 |       |    86 |     3 ||    90
         Demon trident     |       |       |       |       |       |       |       |   632 |    58 ||   690
         Bite              |       |       |       |       |       |       |       |    71 |     1 ||    72
   Fire: Shortbow          |    95 |   133 |   384 |   364 |       |       |       |       |       ||   976
         Orcbow            |       |       |       |   223 |   235 |       |       |       |       ||   458
         Longbow           |       |       |       |       |   855 |       |       |       |       ||   855
         Hand cannon       |       |       |       |       |    71 |  1397 |  1599 |   957 |       ||  4024
  Throw: Dart              |       |       |     3 |       |    10 |     5 |     1 |       |       ||    19
         Javelin           |       |       |       |       |       |       |     7 |    22 |     4 ||    33
   Cast: Blink             |       |       |       |       |     2 |       |       |     3 |       ||     5
 Invoke: Potion Petition   |       |       |       |       |     4 |     3 |     4 |       |       ||    11
         Bribe Branch      |       |       |       |       |       |       |     1 |     1 |     3 ||     5
Ability: Breathe Acid      |       |       |    14 |    40 |    36 |    47 |    29 |     9 |       ||   175
  Evoke: Wand              |       |     2 |     2 |       |     5 |     3 |    11 |     2 |     1 ||    26
         Sack of spiders   |       |       |       |       |     1 |     3 |       |     1 |       ||     5
         Phial of floods   |       |       |       |       |     1 |     1 |       |       |       ||     2
         Phantom mirror    |       |       |       |       |     1 |     1 |       |       |       ||     2
    Use: Scroll            |       |       |     5 |    13 |    19 |     4 |     4 |    10 |       ||    55
         Potion            |       |       |     2 |     1 |     2 |     3 |     3 |     2 |       ||    13
   Stab: Distracted        |       |       |       |       |       |       |       |     9 |       ||     9
         Sleeping          |       |       |       |       |       |       |       |     6 |       ||     6
         Confused          |       |       |       |       |       |       |       |     3 |       ||     3
 Armour: Skin              |    24 |    54 |    61 |   179 |   303 |   432 |   374 |   209 |       ||  1636
  Dodge: Dodged            |    17 |    60 |    77 |   318 |   335 |   476 |   488 |   408 |     4 ||  2183
  Block: Buckler           |       |       |       |       |     7 |    28 |       |       |       ||    35
         Kite shield       |       |       |       |       |       |   538 |   368 |       |       ||   906
         Tower shield      |       |       |       |       |       |       |   726 |  1023 |     6 ||  1755

Table legend: (Time is in decaauts)
 A = Elapsed time spent in this place.
 B = Non-inter-level travel time spent in this place.
 C = Inter-level travel time spent in this place.
 D = Time resting spent in this place.
 E = Time spent auto-exploring this place.
 F = Levels seen in this place.
 G = Mean time per level.
                   A        B        C        D        E       F      G
               +--------+--------+--------+--------+--------+-----+--------+
         Total | 102154 |  85478 |  16676 |  32772 |  38043 |  55 | 1857.3 |
       Dungeon |  24330 |  19203 |   5127 |   5222 |  11122 |  15 | 1622.0 |
        Temple |     51 |      1 |     50 |      0 |      0 |   1 |   51.0 |
          Lair |  14477 |  12890 |   1587 |   5285 |   6274 |   5 | 2895.4 |
        Shoals |  10843 |   8997 |   1846 |   5334 |   2305 |   4 | 2710.8 |
     Snake Pit |   9149 |   8005 |   1144 |   4894 |   1722 |   4 | 2287.2 |
  Orcish Mines |   3375 |   2610 |    765 |   1207 |   1066 |   2 | 1687.5 |
   Elven Halls |   7016 |   5506 |   1510 |   2271 |   2436 |   3 | 2338.7 |
        Vaults |  16098 |  14176 |   1922 |   3729 |   7780 |   5 | 3219.6 |
         Crypt |   5429 |   4938 |    491 |   1157 |   2302 |   3 | 1809.7 |
        Depths |   5164 |   4371 |    793 |   1037 |   2324 |   4 | 1291.0 |
           Zot |   5105 |   3667 |   1438 |   2007 |    507 |   5 | 1021.0 |
        Bazaar |     52 |     52 |      0 |      0 |     27 |   1 |   52.0 |
         Sewer |    197 |    197 |      0 |    104 |     47 |   1 |  197.0 |
        Bailey |    765 |    765 |      0 |    468 |    118 |   1 |  765.0 |
      Ice Cave |     95 |     95 |      0 |     51 |     12 |   1 |   95.0 |
               +--------+--------+--------+--------+--------+-----+--------+

Top non-repeatable levels by time:
 Snake:4: 4466 daAuts
Shoals:4: 4157 daAuts
  Lair:5: 4036 daAuts
Vaults:1: 3864 daAuts
   Zot:5: 3657 daAuts
   Elf:3: 3514 daAuts
Vaults:2: 3433 daAuts
Vaults:3: 3230 daAuts
   Orc:2: 3036 daAuts
  Lair:3: 2957 daAuts
Vaults:4: 2851 daAuts
  Lair:4: 2830 daAuts
    D:14: 2812 daAuts
Vaults:5: 2718 daAuts
  Lair:2: 2713 daAuts
